 Dungeon Crawl Stone Soup version 0.31-a0-542-gdc2a67831c (webtiles) character file.

Game seed: 18429897496934420479

463 Crownlay the Magician (level 7, 0/41 HPs)
             Began as an Octopode Earth Elementalist on Aug 14, 2023.
             Was an Initiate of Ashenzari.
             Succumbed to their own poison gas
             ... on level 4 of the Dungeon.
             The game lasted 00:05:33 (3477 turns).

Crownlay the Magician (Octopode Earth Elementalist) Turns: 3477, Time: 00:05:33

Health: 0/41       AC:  1    Str:  8    XL:     7   Next: 7%
Magic:  14/15      EV: 13    Int: 19    God:    Ashenzari [......]
Gold:   237        SH:  0    Dex: 12    Spells: 9/17 levels left

rFire   . . .        i - +2 dagger "Share My Relativism" {venom, Self, Elem} (curse)
rCold   . . .        (no shield)
rNeg    . . .        (helmet restricted)
rPois   .            d - amulet of magic regeneration
rElec   .            (no ring)
rCorr   .            (no ring)
SInv    .            (no ring)
Will    .....        (no ring)
Stlth   +++          (no ring)
HPRegen 0.26/turn    (no ring)
MPRegen 0.54/turn    (no ring)
                     (no ring)

%: no passive effects
@: brilliant, lethally poisoned (0 -> -5)
A: almost no armour, amphibious, 8 rings, camouflage 1, gelatinous body 1,
(nimble swimmer 1), tentacles, MP-powered wands
a: Renounce Religion, Shatter the Chains


You were on level 4 of the Dungeon.
You worshipped Ashenzari.
Ashenzari was noncommittal.
You visited 1 branch of the dungeon, and saw 4 of its levels.

You collected 237 gold pieces.

Inventory:

Hand Weapons
 i - the cursed +2 dagger "Share My Relativism" (weapon) {venom, Self, Elem}
   (You took it off a goblin on level 2 of the Dungeon)

   It has a curse which improves the following skills: Introspection: Fighting
   and Spellcasting.
   Elements:  Fire Magic, Ice Magic, Air Magic and Earth Magic.
Jewellery
 d - an amulet of magic regeneration (around mantle)
Scrolls
 e - a scroll of poison
 f - a scroll of enchant armour {unknown}
 g - 2 scrolls of revelation {unknown}
 l - a scroll of fear {unknown}
 m - a scroll of teleportation {unknown}
 n - a scroll of noise {unknown}
Potions
 a - a potion of magic
 c - a potion of cancellation
 h - a potion of brilliance
 j - a potion of degeneration {unknown}
 k - 2 potions of mutation


   Skills:
 - Level 2.0 Dodging
 - Level 2.6 Stealth
 * Level 5.2(5.6) Spellcasting
 + Level 3.0 Transmutations
 + Level 4.7(5.1) Earth Magic


You had 9 spell levels left.
You knew the following spells:

 Your Spells              Type           Power      Damage    Failure   Level
a - Sandblast             Erth           74%        2d16      1%          1
b - Stone Arrow           Conj/Erth      44%        3d9       12%         3
c - Petrify               Tmut/Erth      31%        N/A       22%         4

Your spell library contained the following spells:

 Spells                   Type           Power      Damage    Failure   Level
 Passwall                 Tmut/Erth      25%        N/A       3%          2
 Apportation              Tloc           14%        N/A       12%         1
 Necrotise                Necr           28%        1d5       12%         1
 Summon Small Mammal      Summ           28%        N/A       12%         1
 Ignite Poison            Fire/Tmut/Pois 13%        N/A       24%         3
 Call Canine Familiar     Summ           7%         N/A       34%         3
 Summon Guardian Golem    Hex/Summ       7%         N/A       34%         3
 Sticky Flame             Conj/Fire      8%         2d3       75%         4
 Simulacrum               Ice/Necr       4%         N/A       100%        6
 Ozocubu's Refrigeration  Ice            4%         4d8       100%        7
 Ignition                 Fire           4%         3d4       100%        8
 Polar Vortex             Ice            4%         N/A       100%        9


Dungeon Overview and Level Annotations

Branches:
Dungeon (4/15)
 Temple: D:4-7

Altars:
Ashenzari
Hepliaklqana
Kikubaaqudgha
Makhleb
Xom


Innate Abilities, Weirdness & Mutations

You cannot wear most types of armour.
You are amphibious.
You can wear up to eight rings at the same time.
Your skin changes colour to match your surroundings (Stealth+).
Your rubbery body absorbs attacks. (AC +1, EV +1)
((You are camouflaged when in or above water. (Stealth+)))
You have tentacles for arms and can constrict up to eight enemies at once.
You expend magic power (3 MP) to strengthen your wands.


Message History

Something hits you!
You're too confused to cast spells.
Okay, then.
You're too confused to cast spells.
Okay, then.
Unknown command.
You're too confused to cast spells.
Okay, then.
Unknown command.
You bump into the rock wall.
You are engulfed in poison gas.
You are poisoned.
You feel very sick. Something hits you.
It was a potion of curing.
You feel better.
You are engulfed in poison gas.
You are poisoned.
You feel very sick. Something hits you!
* * * LOW HITPOINT WARNING * * *
Okay, then.
Okay, then.
You feel better.
You are engulfed in poison gas.
You are poisoned.
You feel very sick.
You feel sick.
A magic dart appears from out of thin air!
The magic dart hits you!
* * * LOW HITPOINT WARNING * * *
It was a potion of cancellation.
You feel magically purged.
* * * LOW HITPOINT WARNING * * *
You feel sick.
Reactivating autopickup.
You feel a bit more experienced.
Your Spellcasting skill increases to level 5!
Your Transmutations skill increases to level 3!
You have reached level 7!
It was a potion of mutation.
You feel extremely strange.
You feel your magical essence link to the dungeon's wands.
* * * LOW HITPOINT WARNING * * *
You feel sick.
It was a potion of brilliance.
You feel clever all of a sudden.
You die...

.####............# #...).........
.................# #...##.......#
..........°..(...# #...##.......#
.................###...##.......#
..............##..#######.).....#
...................#............#
............°°.....#..°....##....
...#.......................##.###
####........./..@....).....##.#..
##......°.......#............#
#........)#######.#.........#
#.........# #.............<#
#.........# #..............#
###...°...# #............... .°..
######.........# .... #######..##
##.##


There were no monsters in sight!

Vanquished Creatures
  Sigmund (D:4)
  A scorpion (D:4)
  An orc priest (D:3)
  An iguana (D:4)
  An orc wizard (D:4)
  8 adders
  An ufetubus (D:4)
  3 worms
  3 dart slugs
  8 orcs
  3 bats (D:1)
  5 endoplasms
  6 giant cockroaches
  4 goblins (D:2)
  6 hobgoblins
  3 jackals (D:4)
  7 kobolds
  3 quokkas
  6 ball pythons
  2 frilled lizards
  3 rats
76 creatures vanquished.

Notes
Turn   | Place    | Note
-------+----------+-------------------------------------------
     0 | D:1      | Crownlay the Octopode Earth Elementalist began the quest
                  | for the Orb.
     0 | D:1      | Reached XP level 1. HP: 11/11 MP: 3/3
   173 | D:1      | Reached XP level 2. HP: 17/17 MP: 3/5
   751 | D:2      | Reached XP level 3. HP: 21/21 MP: 5/7
   850 | D:2      | Reached skill level 3 in Spellcasting
  1057 | D:2      | Learned a level 3 spell: Stone Arrow
  1162 | D:2      | Reached XP level 4. HP: 27/27 MP: 7/9
  1273 | D:2      | Learned a level 4 spell: Petrify
  1867 | D:3      | Found a broken altar of Ashenzari.
  1869 | D:3      | Found an ancient bone altar of Kikubaaqudgha.
  1869 | D:3      | Found a burning altar of Makhleb.
  1886 | D:3      | Became a worshipper of Ashenzari the Shackled
  1985 | D:3      | Reached XP level 5. HP: 13/31 MP: 8/10
  2193 | D:3      | Reached skill level 4 in Spellcasting
  2364 | D:3      | Found a shimmering altar of Xom.
  2365 | D:3      | Found a hazy altar of Hepliaklqana.
  2365 | D:3      | Noticed a tentacled monstrosity
  2366 | D:3      | Noticed a spectral ugly thing
  2366 | D:3      | Noticed a tentacled monstrosity
  2713 | D:4      | Reached XP level 6. HP: 36/36 MP: 10/12
  2794 | D:4      | Noticed Sigmund
  3475 | D:4      | Killed Sigmund
  3476 | D:4      | Reached skill level 5 in Spellcasting
  3476 | D:4      | Reached XP level 7. HP: 2/41 MP: 13/15
  3476 | D:4      | Gained mutation: You expend magic power (3 MP) to
                  | strengthen your wands. [potion of mutation]
  3476 | D:4      | HP: 1/41 [poisoned by you (poison gas)]
  3477 | D:4      | Succumbed to their own poison gas

Illustrated notes

Levels and vault maps discovered:
D:1:      spicycebolla_arrival_clurvy, layout_loops_cross
D:2:      layout_basic, serial_co_window_serial, co_window_corner_a,
          co_window_cross_1, co_window_paths_a, co_window_corner_a,
          co_window_of_opportunity_a, co_window_cross_1, co_window_cross_1,
          co_window_paths_b, co_window_paths_b, co_window_broadway_c,
          co_window_paths_c, co_window_corner_cb, glass_columns_b,
          glass_columns_b, glass_columns_b, glass_columns_c,
          kennysheep_generic_room_15
D:3:      layout_loops_cross, chequers_temple_overflow_statue_of_worship,
          regret_index_temple_of_mockery
D:4:      layout_basic, st_stairs_7, kennysheep_decorative_pillar, uniq_sigmund

Skill      XL: |  1  2  3  4  5  6 |
---------------+-------------------+-----
Spellcasting   | 3 4 5 |  5.2
Earth Magic    | 4 |  4.7
Transmutations | 2 3 |  3.0
Dodging        | |  2.0
Stealth        | |  2.6

Action                     |  1- 3 |  4- 6 |  7- 9 || total
---------------------------+-------+-------+-------++-------
  Melee: Unarmed           |     3 |       |       ||     3
         Constrict         |     2 |       |       ||     2
         Dagger            |       |     1 |       ||     1
         Tentacles         |       |     1 |       ||     1
   Cast: Sandblast         |    45 |    88 |       ||   133
 Invoke: Curse Item        |       |     1 |       ||     1
    Use: Potion            |       |     3 |     2 ||     5
         Scroll            |       |     2 |       ||     2
 Armour: Skin              |     3 |     2 |       ||     5
  Dodge: Dodged            |    21 |    40 |       ||    61

Table legend: (Time is in decaauts)
 A = Elapsed time spent in this place.
 B = Non-inter-level travel time spent in this place.
 C = Inter-level travel time spent in this place.
 D = Time resting spent in this place.
 E = Time spent auto-exploring this place.
 F = Levels seen in this place.
 G = Mean time per level.
                   A        B        C        D        E       F      G
               +--------+--------+--------+--------+--------+-----+--------+
         Total |   3542 |   3405 |    137 |    102 |   2803 |   4 |  885.5 |
       Dungeon |   3542 |   3405 |    137 |    102 |   2803 |   4 |  885.5 |
               +--------+--------+--------+--------+--------+-----+--------+

Top non-repeatable levels by time:
     D:2: 1081 daAuts
     D:4: 925 daAuts
     D:3: 784 daAuts
     D:1: 749 daAuts
